Unix NetHack Version 5.0.0-0 post-release - last build Jul 19 2026 19:10:59 (3aa4ab31751d3886436d94b585a96704892fd477,branch:main).

Game began 2026-07-24 10:42:37, ended 2026-07-24 10:44:56.

Jandor, neutral male human Wizard

      --.-
      |...|...
      |..)..<.
       -*...--
       --....|
        ..--...
        ---|....
            -.......
             .-...@.
              .`.--.
               .--

Jandor the Evoker         St:10 Dx:8 Co:18 In:18 Wi:9 Ch:11  Neutral
Dlvl:4  $:0  HP:0(12) Pw:7(7) AC:9  Xp:1 T:258 

Latest messages:
 What do you want to wield? [- a or ?*] W
 You don't have that object.
 What do you want to wield? [- a or ?*] <esc>
 Never mind.
 What do you want to wear? [bn or ?*] n
 The gecko bites!
 You finish your dressing maneuver.
 You feel yourself speed up.
 You begin bashing monsters with your bare hands.
 You miss the gecko.
 You kill the gecko!
 A bear trap closes on your foot!
 You are caught in a bear trap.
 You are caught in a bear trap.
 You are caught in a bear trap.
 You are caught in a bear trap.
 You are caught in a bear trap.
 You are caught in a bear trap.
 You are caught in a bear trap.
 You finally wriggle free.
 Your leg feels better.
 You see here a crude short sword.
 In what direction? 4
 Thwack!!
 In what direction? 4
 As you kick the door, it crashes open!
 In what direction? 8
 Whammm!!
 In what direction? 8
 Whammm!!
 In what direction? 8
 As you kick the door, it crashes open!
 In what direction? 8
 You kick at empty space.
 With great effort you move the boulder.
 You see here a ring of shock resistance.
 The door opens.
 The door opens.
 You descend the stairs.
 It is hit.
 You hear rumbling in the distance.
 You see here a blue gem.
 You are hit by a dagger.
 The hobbit hits!
 The hobbit hits!
 You hear rumbling in the distance.
 A bear trap closes on your foot!
 You die...
 Do you want your possessions identified? [ynq] (y) y
 Do you want to see your attributes? [ynq] (y) q

Inventory:
 Weapons  (')')
  a - a blessed +1 quarterstaff
 Armor    ('[')
  n - an uncursed +0 pair of speed boots (being worn)
  b - an uncursed +0 cloak of magic resistance
 Scrolls  ('?')
  i - 2 uncursed scrolls of enchant weapon
  j - an uncursed scroll of taming
 Spellbooks  ('+')
  l - an uncursed spellbook of detect unseen
  k - a blessed spellbook of force bolt
 Potions  ('!')
  f - a blessed potion of confusion
  h - an uncursed potion of gain ability
  g - an uncursed potion of oil
 Rings    ('=')
  e - an uncursed ring of fire resistance
  d - an uncursed ring of shock resistance
 Wands    ('/')
  c - a wand of magic missile (0:8)
 Tools    ('(')
  m - a magic marker (0:20)

Jandor the Wizard's attributes:

Background:
 You were an Evoker, a level 1 male human Wizard.
 You were neutral, on a mission for Thoth
 who was opposed by Ptah (lawful) and Anhur (chaotic).
 You were right-handed.
 You were in the Gnomish Mines, on level 4.
 You entered the dungeon 258 turns ago.
 You had 9 experience points, 11 more were needed to attain level 2.

Basics:
 You had 0 out of 12 hit points.
 You had all 7 energy points (spell power).
 Your armor class was 9.
 Your wallet was empty.
 Autopickup was off.

Final Characteristics:
 Your strength was 10 (limit:18/100).
 Your dexterity was 8 (base:9, limit:18).
 Your constitution was 18 (limit:18).
 Your intelligence was 18 (limit:18).
 Your wisdom was 9 (limit:18).
 Your charisma was 11 (limit:18).

Final Status:
 You were trapped in a bear trap.
 You had a wounded right leg.
 You weren't hungry.
 You were unencumbered.
 You were bare handed.
 You were unskilled in bare handed combat.

Final Attributes:
 You were aligned.
 You were very fast.
 You are dead.

Miscellaneous:
 You didn't encounter any bones levels.
 Total elapsed playing time was 2 minutes and 19 seconds.

Major events:
 Turn
    1: Jandor the neutral male human Wizard entered the dungeon
  242: entered the Gnomish Mines
  258: killed by a bear trap

Spells:
 Name                 Level Category     Fail Retention
 force bolt             1   attack         0%  91%-100%
 detect unseen          3   divination    91%  76%-100%

Skills:
 Fighting Skills
   bare handed combat [Unskilled]
   riding             [Unskilled]
 Weapon Skills
   dagger             [Unskilled]
   knife              [Unskilled]
   axe                [Unskilled]
   short sword        [Unskilled]
   club               [Unskilled]
   mace               [Unskilled]
   quarterstaff       [Basic]
   polearms           [Unskilled]
   spear              [Unskilled]
   trident            [Unskilled]
   sling              [Unskilled]
   dart               [Unskilled]
   shuriken           [Unskilled]
 Spellcasting Skills
   attack spells      [Basic]
   healing spells     [Unskilled]
   divination spells  [Unskilled]
   enchantment spells [Basic]
   clerical spells    [Unskilled]
   escape spells      [Unskilled]
   matter spells      [Unskilled]

Voluntary challenges:
 Character rerolling was not enabled.
 You went without food.
 You were an atheist.
 You were illiterate.
 You never genocided any monsters.
 You never polymorphed an object.
 You never changed form.
 You used no wishes.
Achievement:
 You entered the Gnomish Mines.

 The Dungeons of Doom: levels 1 to 3
    Level 1:
    Level 2:
    Level 3:
       Stairs down to The Gnomish Mines.
 The Gnomish Mines:
    Level 4: <- You were here.
       Final resting place for
          you, killed by a bear trap.


Vanquished creatures:
  a gnome leader
  a dwarf
  a gecko
  2 jackals
  a goblin
6 creatures vanquished.

No species were genocided or became extinct.

Game over:
                       ----------
                      /          \
                     /    REST    \
                    /      IN      \
                   /     PEACE      \
                  /                  \
                  |      Jandor      |
                  |       0 Au       |
                  | killed by a bear |
                  |       trap       |
                  |                  |
                  |                  |
                  |       2026       |
                 *|     *  *  *      | *
        _________)/\\_//(\/(/\)/\//\/|_)_______

Goodbye Jandor the Wizard...

You died in The Gnomish Mines on dungeon level 4 with 186 points,
and 0 pieces of gold, after 258 moves.
You were level 1 with a maximum of 12 hit points when you died.

